Map: Odyssey LE

Players

YYYYMMDD

  • Race: Zerg Zerg
  • Spawn Location: 11:00

ThePanMan - Winner!

  • Race: Protoss Protoss
  • League: Master
  • Spawn Location: 5:00

VOD

Have the link to the VOD?

Description

Time

  • Played on: Jan. 2, 2018, 3:43 p.m.
  • Length: 7:41
Show
View Real Time Build Order
Export as new Build Order

YYYYMMDD Zerg 

Build Orders: Hatch First 

Get SALT Encoding   

  12  0:00  Drone  
  13  0:12  Overlord  
  13  0:16  Drone  
  14  0:31  Drone x2  
  16  0:37  Drone  
  17  0:51  Hatchery  
  17  0:55  Drone  
  17  0:58  Drone  
  18  1:09  Extractor  
  17  1:12  Spawning Pool  
  17  1:15  Drone  
  17  1:19  Drone  
  18  1:28  Drone  
  19  1:40  Overlord  
  19  1:51  Drone  
  20  1:59  Queen  
  20  2:00  Zergling x2  
  23  2:03  Zergling x2, Queen  
  26  2:09  Metabolic Boost  
  26  2:12  Drone  
  28  2:15  Drone  
  28  2:22  Drone  
  29  2:25  Drone  
  30  2:40  Hatchery  
  30  2:42  Drone  
  30  2:45  Pneumatized Carapace  
  30  2:52  Zergling x2  
  30  2:56  Drone  
  30  2:57  Drone x2  
  34  3:01  Overlord  
  34  3:08  Drone x2  
  36  3:19  Overlord  
  36  3:23  Drone x5  
  36  3:25  Drone  
  42  3:29  Overlord  
  42  3:38  Queen  
  44  3:48  Drone x5  
  49  3:53  Extractor  
  49  3:55  Lair  
  48  3:58  Roach Warren  
  48  3:59  Drone x2  
  48  4:00  Drone  
  50  4:04  Drone x2  
  50  4:05  Drone  
  50  4:07  Drone  
  50  4:09  Drone  
  55  4:18  Spore Crawler  
  55  4:19  Queen  
  55  4:20  Queen  
  55  4:24  Overlord  
  58  4:39  Roach x2  
  58  4:40  Roach  
  58  4:42  Roach x3  
  58  4:44  Roach x2  
  74  4:45  Overlord  
  74  4:46  Overlord  
  74  4:54  Overseer  
  68  5:12  Queen  
  68  5:13  Drone  
  68  5:14  Drone x3  
  67  5:15  Drone x2  
  70  5:26  Drone  
  70  5:27  Drone x2  
  73  5:28  Drone  
  73  5:30  Glial Reconstitution, Extractor, Drone x4  
  73  5:33  Extractor  
  73  5:34  Overlord, Drone  
  73  5:35  Overlord x2  
  77  5:50  Overlord x2  
  77  5:51  Overlord  
  77  5:52  Roach x6  
  89  6:00  Overlord x3  
  89  6:17  Roach x4  
  95  6:24  Roach x5  
  105  6:37  Queen x3  
  105  6:39  Roach x6  
  125  6:40  Roach  
  125  6:45  Ravager  
  125  6:46  Ravager  
  127  6:47  Overlord x2  
  127  6:56  Roach x5  
  127  6:57  Zergling x2  
  127  6:58  Zergling x2  
  139  7:03  Ravager  
  134  7:17  Zergling x2  
  134  7:18  Zergling x14  
Show
View Real Time Build Order
Export as new Build Order

ThePanMan Protoss - Winner!

Build Orders: 1 Gate Expand, Zealot Archon, Dark Templar Rush 

Get SALT Encoding   

  12  0:01  Probe  
  13  0:13  Probe  
  14  0:18  Pylon  
  14  0:25  Probe (Chrono Boost)  
  15  0:37  Probe (Chrono Boost)  
  16  0:44  Gateway  
  16  0:46  Probe (Chrono Boost)  
  17  0:53  Probe (Chrono Boost)  
  17  0:55  Assimilator  
  19  1:05  Probe (Chrono Boost)  
  19  1:12  Probe (Chrono Boost)  
  20  1:28  Nexus  
  20  1:37  Cybernetics Core  
  20  1:40  Probe  
  21  1:52  Probe  
  21  1:54  Assimilator  
  22  1:56  Pylon  
  22  2:04  Probe (Chrono Boost)  
  23  2:14  Adept  
  26  2:16  Warp Gate, Probe (Chrono Boost)  
  26  2:21  Probe (Chrono Boost)  
  27  2:27  Twilight Council  
  27  2:30  Shield Battery  
  27  2:35  Probe (Chrono Boost)  
  28  2:40  Probe (Chrono Boost)  
  29  2:49  Probe (Chrono Boost)  
  29  2:50  Probe (Chrono Boost)  
  31  2:54  Robotics Facility, Probe (Chrono Boost)  
  33  3:00  Probe (Chrono Boost)  
  33  3:06  Probe (Chrono Boost)  
  35  3:15  Probe x2 (Chrono Boost)  
  36  3:22  Dark Shrine, Probe  
  36  3:23  Probe  
  38  3:32  Gateway  
  38  3:34  Gateway, Probe  
  39  3:35  Probe  
  39  3:38  Gateway  
  40  3:45  Pylon  
  40  3:46  Warp Prism (Chrono Boost), Probe  
  43  3:55  Assimilator  
  43  3:57  Probe, Assimilator  
  43  3:59  Probe  
  45  4:07  Pylon  
  45  4:09  Probe  
  46  4:11  Probe  
  47  4:21  Probe, Immortal (Chrono Boost)  
  52  4:25  Pylon  
  52  4:26  Pylon  
  52  4:29  Charge (Chrono Boost)  
  52  4:39  Dark Templar x3  
  58  4:49  Pylon  
  58  4:57  Immortal (Chrono Boost)  
  62  5:21  Gateway  
  62  5:23  Gateway x2  
  62  5:24  Gateway  
  62  5:25  Immortal (Chrono Boost)  
  66  5:28  Pylon  
  66  5:29  Pylon, Sentry  
  66  5:33  Dark Templar  
  70  5:35  Archon  
  70  5:37  Archon  
  70  5:46  Pylon  
  70  5:50  Dark Templar x2  
  70  5:53  Pylon  
  70  5:55  Pylon  
  74  5:59  Observer  
  75  6:05  Zealot  
  75  6:06  Zealot  
  79  6:24  Pylon  
  79  6:30  Dark Templar x2, Zealot x2  
  79  6:32  Archon  
  87  6:33  Archon  
  87  6:37  Dark Templar x2  
  87  6:38  Zealot x2  
  95  6:43  Pylon  
  95  6:45  Archon  
  95  6:46  Zealot  
  97  6:51  Zealot  
  99  6:54  Zealot  
  101  7:14  Zealot  
  101  7:15  Zealot x6  
  101  7:16  Zealot  
  83  7:35  Dark Templar  
  83  7:36  Dark Templar x3  
  83  7:37  Zealot x3  
  83  7:38  Zealot  
Tags
 
Add a new tag
Caveats
  • Supply blocks, unpowered buildings, or Contaminate may cause inaccurate times.
  • Supply counts are checked every 10 seconds.